 Dungeon Crawl Stone Soup version 0.17-a0-2101-g0c122e7 (webtiles) character file.

931 4thArraOfDagon the Chopper (level 7, 0/62 HPs)
             Began as a Minotaur Fighter on Oct 18, 2015.
             Killed from afar by an orc wizard (5 damage)
             ... with a magic dart
             ... on level 7 of the Dungeon.
             The game lasted 00:05:39 (934 turns).

4thArraOfDagon the Chopper (Minotaur Fighter)        Turns: 934, Time: 00:05:40

Health: 0/62       AC:  7    Str: 20    XL:     7   Next: 86%
Magic:  7/7        EV:  7    Int:  7    God:
Gold:   177        SH:  9    Dex: 10    Spells: 0 memorised, 6 levels left

rFire  . . .     SeeInvis .     a - +0 war axe
rCold  . . .     Clarity  .     b - +0 scale mail
rNeg   . . .     SustAt   .     c - +0 shield
rPois  .         Gourm    .     (helmet restricted)
rElec  .         Spirit   .     (no cloak)
rCorr  .         Warding  .     (no gloves)
rMut   .         Stasis   .     (no boots)
MR     .....                    d - amulet of faith
Stlth  ..........               (no ring)
                                (no ring)

@: drained, not resistant to hostile enchantments, extremely unstealthy
A: retaliatory headbutt, horns 2
a: no special abilities


You were on level 7 of the Dungeon.
You were not hungry.

You visited 1 branch of the dungeon, and saw 7 of its levels.

You collected 177 gold pieces.

Inventory:

Hand Weapons
 a - a +0 war axe (weapon)
Armour
 b - a +0 scale mail (worn)
 c - a +0 shield (worn)
Jewellery
 d - an amulet of faith (around neck)
Wands
 p - a wand of cold (1)
Scrolls
 i - a scroll of identify
Potions
 f - a potion of curing
 g - a potion of heal wounds
 h - a potion of lignification {unknown}
Comestibles
 e - 2 bread rations
 m - 2 meat rations
 n - a slice of pizza


   Skills:
 + Level 5.9(5.8) Fighting
 * Level 7.7(7.5) Axes
 + Level 6.5(6.3) Armour
 - Level 3.6(3.5) Shields
 + Level 2.2(2.1) Evocations


You had 6 spell levels left.
You didn't know any spells.

Dungeon Overview and Level Annotations

Branches:
Dungeon (7/15)
 Temple: D:4-7

Altars:

Annotations:
D:3 Terence


Innate Abilities, Weirdness & Mutations

You reflexively headbutt those who attack you in melee.
You have a pair of horns on your head.


Message History

The orc wizard blinks!
You block the orc wizard's attack. You block the orc's attack.
The orc barely misses you. The orc wizard closely misses you.
The orc hits you with a mace.
* * * LOW HITPOINT WARNING * * *
Unknown command.
You hit the orc wizard.
The orc wizard is moderately wounded.
You slash the orc!
You kill the orc!
You hit the orc but do no damage.
You feel yourself speed up. The orc wizard barely misses you.
The orc hits you with a flail.
* * * LOW HITPOINT WARNING * * *
The orc wizard hits you but does no damage.
The orc hits you with a flail.
* * * LOW HITPOINT WARNING * * *
You block the orc wizard's attack.
The orc wizard points at you and mumbles some strange words.
The magic dart hits you!
You die...

#.## ##†# #(##
##.# #.## #.###
#
#.#.#########.#
#.......))o...#
##..######@o..#
#####..# #o##.#
#......# #.# #
#.###.## #.#
#.# #.#
#.###o####.....
#.............#
#####.####.#..#
#### #.#


You could see 2 orc wizards and an orc.

Vanquished Creatures
  A hippogriff (D:7)
  An ogre (D:4)
  3 giant frogs
  2 scorpions
  2 killer bees (D:7)
  A crimson imp (D:7)
  A giant frog skeleton (D:4)
  2 hounds
  A hell rat (D:7)
  An orc wizard (D:7)
  A worker ant (D:4)
  An iguana (D:4)
  Robin (D:2)
  6 adders
  A worker ant zombie (D:5)
  3 river rats (D:7)
  3 orcs
  8 goblins (D:2)
  2 hobgoblins (D:2)
  10 jackals
  2 quokkas
  3 giant newts
  A quokka skeleton (D:4)
  18 rats
75 creatures vanquished.

Notes
Turn   | Place    | Note
--------------------------------------------------------------
     0 | D:1      | 4thArraOfDagon the Minotaur Fighter began the quest for the Orb.
     0 | D:1      | Reached XP level 1. HP: 19/19 MP: 0/0
    59 | D:2      | Noticed Robin
    64 | D:2      | Reached XP level 2. HP: 20/27 MP: 1/1
    64 | D:2      | Killed Robin
    64 | D:2      | Reached skill level 4 in Armour
   106 | D:3      | Reached XP level 3. HP: 26/33 MP: 2/2
   111 | D:4      | Noticed an ogre
   153 | D:3      | Noticed Terence
   203 | D:4      | Reached XP level 4. HP: 32/40 MP: 3/3
   333 | D:5      | Entered Level 5 of the Dungeon
   338 | D:5      | Reached XP level 5. HP: 35/46 MP: 4/4
   358 | D:5      | Reached skill level 5 in Axes
   358 | D:5      | Reached skill level 5 in Armour
   413 | D:4      | Killed an ogre
   415 | D:4      | Reached XP level 6. HP: 28/53 MP: 5/5
   505 | D:6      | Reached skill level 6 in Axes
   552 | D:6      | Reached skill level 5 in Fighting
   608 | D:7      | Reached skill level 1 in Evocations
   611 | D:7      | Reached XP level 7. HP: 25/61 MP: 6/6
   650 | D:7      | Reached skill level 7 in Axes
   716 | D:7      | Noticed a hippogriff
   724 | D:7      | Killed a hippogriff
   934 | D:7      | Killed from afar by an orc wizard

Vault maps used:
D:1:      dpeg_arrival_ternary, patterned_corridor
D:2:      first_bread, uniq_robin
D:3:      wad_lake_hut, uniq_terence
D:4:      kennysheep_kobold_camp, uniq_grinder, uniq_duvessa
D:5:      kennysheep_small_spiral, grunt_ministairs_7
D:6:      minmay_temple_entry_junction
D:7:      lemuel_ratsnest

Action                   |  1- 3 |  4- 6 |  7- 9 || total
-------------------------+-------+-------+-------++-------
Melee: War axe           |    24 |    62 |   100 ||   186
Evoke: Wand              |       |       |     2 ||     2
  Use: Scroll            |     3 |       |     2 ||     5
       Potion            |       |     1 |     3 ||     4
  Eat: Chunk             |       |       |     1 ||     1
